 Dungeon Crawl Stone Soup version 0.17-a0-2055-gb4e23be (webtiles) character file.

565 Ijustatesigmund the Changer (level 7, -8/43 HPs)
             Began as an Octopode Transmuter on Oct 11, 2015.
             Splashed by a jelly's acid (9 damage)
             ... on level 5 of the Dungeon.
             The game lasted 00:19:23 (6055 turns).

Ijustatesigmund the Changer (Octopode Transmuter)   Turns: 6055, Time: 00:19:24

Health: -8/43      AC: -11   Str:  9    XL:     7   Next: 32%
Magic:  5/10       EV: 12    Int: 17    God:
Gold:   254        SH:  0    Dex: 13    Spells: 3 memorised, 4 levels left

rFire  . . .     SeeInvis .     h - +2 dagger (holy)
rCold  . . .     Clarity  .     (no shield)
rNeg   . . .     SustAt   .     (helmet restricted)
rPois  .         Gourm    .     (no amulet)
rElec  .         Spirit   .     (no ring)
rCorr  .         Warding  .     (no ring)
rMut   .         Stasis   .     (no ring)
MR     .....                    (no ring)
Stlth  ++++......               (no ring)
                                (no ring)
                                (no ring)
                                (no ring)

@: corroded equipment, hasted, very quick, not resistant to hostile
enchantments, stealthy
A: almost no armour, amphibious, 8 rings, constrict 8, camouflage 1, gelatinous
body 1
a: no special abilities


You were on level 5 of the Dungeon.
You were hungry.

You visited 1 branch of the dungeon, and saw 5 of its levels.

You collected 254 gold pieces.

Inventory:

Hand Weapons
 h - a +2 dagger of holy wrath (weapon)
 s - a +0 falchion of holy wrath
 v - a cursed -2 dagger
Missiles
 a - 3 arrows
 d - 123 stones (quivered)
 i - 38 sling bullets
Wands
 w - a wand of magic darts (34)
Scrolls
 g - 2 scrolls of magic mapping
Potions
 e - a potion of cure mutation {unknown}
 j - a potion of heal wounds {unknown}
 k - 2 potions of flight
 m - a potion of ambrosia {unknown}
 o - a potion of degeneration {unknown}
 q - a potion of agility {unknown}
 r - a potion of magic {unknown}
 t - a potion of poison {unknown}
 z - a potion of cancellation {unknown}
Books
 b - a book of Changes

   Spells                             Type                      Level
   a - Beastly Appendage              Transmutation                1
   b - Sticks to Snakes               Transmutation                2
   c - Spider Form                    Transmutation/Poison         3
   d - Ice Form                       Ice/Transmutation            4
   e - Blade Hands                    Transmutation                5
Comestibles
 c - 3 bread rations
 f - 3 slices of pizza
 u - 2 meat rations
 x - a royal jelly


   Skills:
 - Level 1.0 Fighting
 + Level 3.9 Short Blades
 - Level 2.0 Dodging
 + Level 5.3 Stealth
 - Level 3.0 Unarmed Combat
 - Level 2.0 Spellcasting
 + Level 5.3 Transmutations


You had 4 spell levels left.
You knew the following spells:

 Your Spells              Type           Power        Failure   Level  Hunger
a - Beastly Appendage     Trmt           ###...       2%          1    #......
b - Sticks to Snakes      Trmt           ###.......   3%          2    ###....
c - Spider Form           Trmt/Pois      ##........   21%         3    ###....


Dungeon Overview and Level Annotations

Branches:
Dungeon (5/15)
 Temple: D:4-7

Altars:
Makhleb
Ru
The Shining One

Annotations:
D:5 1 runed door


Innate Abilities, Weirdness & Mutations

You cannot wear most types of armour.
You are amphibious.
You can wear up to eight rings at the same time.
You can use your tentacles to constrict eight enemies at once.
Your skin changes colour to match your surroundings (Stealth).
Your rubbery body absorbs attacks (AC +1).


Message History

The giant cockroach is moderately wounded.
You constrict the giant cockroach. The giant cockroach barely misses you.
The jelly hits you.
You are splashed with acid!
The acid corrodes you!
The acid burns!
* * * LOW HITPOINT WARNING * * *
A giant gecko comes into view.
You release your grip on the giant cockroach.
The giant cockroach closely misses you. The giant cockroach bites you.
* * * LOW HITPOINT WARNING * * *
The giant cockroach bites you.
* * * LOW HITPOINT WARNING * * *
Your magical contamination has completely faded away.
Drink which item? (? for menu, Esc to quit)
You feel yourself speed up. The giant cockroach bites you.
* * * LOW HITPOINT WARNING * * *
The jelly hits you.
* * * LOW HITPOINT WARNING * * *
You are splashed with acid!
The acid corrodes you!
The acid burns!
You die...

#.............................
#.....##'#########+#.........#
#.<...+....'.......#.<.......#
#.....#....#.......#.........+
#.....#....#.......'......>..#
#.....###+##'##+####.........#
#......................##+##..
#...........J..........# #..
#...........s@.........# #..
#......................# #..
#......................# #..
##+########+##.........# +..
#....#......'.........+ #..
#s...'...########'####### #..
#....#...#............... #..
#....#...#............... #..
#....#...#....#######.... +..


You could see a jelly and a giant cockroach.

Vanquished Creatures
  An ogre (D:4)
  A sky beast (D:5)
  An orc wizard (D:4)
  A centaur skeleton (D:5)
  5 worker ants
  A hound skeleton (D:5)
  An adder (D:2)
  2 gnolls (D:3)
  A shadow imp (D:5)
  An ooze (D:1)
  An adder zombie (D:5)
  A worm (D:2)
  3 adder skeletons
  6 giant geckos
  10 orcs
  7 bats
  5 hobgoblins
  12 jackals
  3 quokkas
  3 ball pythons
  7 giant cockroaches
  5 giant newts
  7 goblins
  5 kobolds
  2 quokka zombies (D:5)
  12 rats
104 creatures vanquished.

Vanquished Creatures (collateral kills)
  2 orc wizards
  2 gnolls (D:3)
  7 orcs
11 creatures vanquished.

Grand Total: 115 creatures vanquished

Notes
Turn   | Place    | Note
--------------------------------------------------------------
     0 | D:1      | Ijustatesigmund the Octopode Transmuter began the quest for the Orb.
     0 | D:1      | Reached XP level 1. HP: 13/13 MP: 3/3
   255 | D:1      | Reached XP level 2. HP: 15/18 MP: 5/5
   259 | D:1      | Learned a level 2 spell: Sticks to Snakes
   770 | D:1      | Reached skill level 1 in Short Blades
   977 | D:1      | Reached XP level 3. HP: 16/23 MP: 6/6
  1007 | D:1      | Learned a level 3 spell: Spider Form
  1332 | D:2      | Found a sacrificial altar of Ru.
  1580 | D:2      | Reached skill level 1 in Stealth
  1919 | D:3      | Reached XP level 4. HP: 28/28 MP: 4/7
  3244 | D:3      | Reached XP level 5. HP: 33/33 MP: 2/8
  4000 | D:4      | Reached skill level 4 in Transmutations
  4407 | D:4      | Reached XP level 6. HP: 17/38 MP: 4/9
  4770 | D:4      | Noticed an ogre
  4778 | D:4      | Killed an ogre
  4882 | D:5      | Entered Level 5 of the Dungeon
  4933 | D:5      | Found a sacrificial altar of Ru.
  4935 | D:5      | Found a burning altar of Makhleb.
  4941 | D:5      | Found a glowing golden altar of the Shining One.
  5183 | D:5      | Found a runed door.
  5185 | D:5      | Found a runed door.
  5185 | D:5      | Noticed a soldier ant
  5256 | D:5      | Reached XP level 7. HP: 36/43 MP: 10/10
  5267 | D:5      | Reached skill level 5 in Transmutations
  5494 | D:5      | Reached skill level 5 in Stealth
  6055 | D:5      | HP: 1/43 [jelly (2)]
  6055 | D:5      | Splashed by a jelly's acid

Vault maps used:
D:1:      dpeg_arrival_fog
D:2:      nicolae_ru_sacrificial_ziggurat
D:3:      minivault_19, eino_tiny_chamber
D:5:      lemuel_insect_pit, grunt_temple_overflow_open, first_bread,
          kb_xom_exploding_sheep

Action                   |  1- 3 |  4- 6 |  7- 9 || total
-------------------------+-------+-------+-------++-------
Melee: Unarmed           |    13 |    13 |       ||    26
       Dagger            |    64 |   130 |    42 ||   236
       Short sword       |     1 |       |       ||     1
Throw: Stone             |       |     8 |       ||     8
 Cast: Sticks to Snakes  |     1 |    18 |     4 ||    23
       Spider Form       |     1 |     3 |       ||     4
  Use: Scroll            |     5 |     3 |     3 ||    11
       Potion            |       |       |     2 ||     2
 Stab: Sleeping          |     6 |    11 |     3 ||    20
       Distracted        |       |     2 |       ||     2
  Eat: Chunk             |     3 |    10 |     1 ||    14
       Royal jelly       |       |     1 |       ||     1
       Beef jerky        |       |       |     1 ||     1
